 Dungeon Crawl Stone Soup version 0.29.1-4-g47bece8355 (webtiles) character file.

Game seed: 4176665332901251600

27 GigaChad the Trooper (level 2, -8/27 HPs)
             Began as a Minotaur Fighter on Dec 1, 2022.
             Mangled by Crazy Yiuf
             ... wielding a +4 quarterstaff of chaos
              (16 damage)
             ... on level 2 of the Dungeon.
             The game lasted 00:03:08 (1164 turns).

GigaChad the Trooper (Minotaur Fighter)             Turns: 1164, Time: 00:03:09

Health: -8/27      AC:  7    Str: 20    XL:     2   Next: 93%
Magic:  1/1        EV:  9    Int:  5    God:
Gold:   41         SH:  4    Dex:  9    Spells: 1/1 levels left

rFire   . . .      SeeInvis .   a - +1 war axe
rCold   . . .      Faith    .   c - +0 buckler
rNeg    . . .      Spirit   .   b - +0 scale mail
rPois   .          Reflect  .   (helmet restricted)
rElec   .          Harm     .   (no cloak)
rCorr   +          Rampage  .   (no gloves)
Will    .....                   (no boots)
Stlth   ..........              (no amulet)
HPRegen 0.09/turn               k - ring of resist corrosion
MPRegen 0.07/turn               (no ring)

@: no status effects
A: horns 2, retaliatory headbutt
a: no special abilities


You were on level 2 of the Dungeon.
You visited 1 branch of the dungeon, and saw 2 of its levels.

You collected 41 gold pieces.

Inventory:

Hand Weapons
 a - a +1 war axe (weapon)
Armour
 b - a +0 scale mail (worn)
 c - a +0 buckler (worn)
Jewellery
 k - a ring of resist corrosion (left hand)
Scrolls
 e - a scroll of noise {unknown}
 g - a scroll of fog {unknown}
Potions
 d - a potion of might
 f - 2 potions of brilliance {unknown}


   Skills:
 + Level 4.1 Fighting
 + Level 2.8 Axes
 + Level 4.0 Armour
 + Level 0.2 Dodging
 + Level 4.0 Shields


You had one spell level left.
You didn't know any spells.
Your spell library contained the following spells:

 Spells                   Type           Power      Damage    Failure   Level
 Portal Projectile        Hex/Tloc       0%         N/A       99%         3
 Tukima's Dance           Hex            0%         N/A       99%         3
 Animate Dead             Necr           0%         N/A       100%        4
 Blade Hands              Tmut           0%         N/A       100%        5
 Haunt                    Necr/Summ      0%         N/A       100%        7
 Infestation              Necr           0%         N/A       100%        8


Dungeon Overview and Level Annotations

Branches:
Dungeon (2/15)

Altars:

Annotations:
D:2 Crazy Yiuf


Innate Abilities, Weirdness & Mutations

You have a pair of horns on your head.
You reflexively headbutt those who attack you in melee.


Message History

f - 2 fuming pink potions
Found a whip.
You see here a +0 whip.
Found a stone staircase leading up.
A goblin comes into view. It is wielding a +0 dagger.
The goblin shouts!
A goblin is nearby!
A goblin is nearby!
A goblin is nearby!
Found 9 stones.
You barely miss the goblin. The goblin completely misses you.
You furiously retaliate!
You headbutt the goblin!
You kill the goblin!
Found a scroll labelled GAMISUUCWO.
g - a scroll labelled GAMISUUCWO
Found a dagger.
You see here a +0 dagger.
You see here a scarf of harm.
You see here a scarf of harm.
Found a hammer.
Found a runed translucent door.
Crazy Yiuf shouts!
You open the door. You hit Crazy Yiuf but do no damage.
You block Crazy Yiuf's attack.
You completely miss Crazy Yiuf.
You headbutt Crazy Yiuf, but do no damage.
Crazy Yiuf drinks a potion.
Crazy Yiuf seems to speed up.
Crazy Yiuf closely misses you.
You slash Crazy Yiuf! You headbutt Crazy Yiuf.
Crazy Yiuf is almost dead.
Crazy Yiuf says, "Crazy?
Crazy!?
PORCUPINE!"
Crazy Yiuf misses you.
Crazy Yiuf hits you with a +4 quarterstaff of chaos!
You hit Crazy Yiuf but do no damage.
Crazy Yiuf is almost dead.
Crazy Yiuf closely misses you.
Crazy Yiuf hits you with a +4 quarterstaff of chaos!
* * * LOW HITPOINT WARNING * * *
You are electrocuted!
Ouch! That really hurt!
You die...

**,**,**,**,,,,,,*********#.#****
**,**,**,**,*,*,,,********#.# *
**,*#.#*,,,,,,,,*,,,,,,,,*#.# *
**,*#.#*,*****************#[# *
**,,...,,* #.# * ****#.#*,*
####### #.# * #.#*,*
###**###.#...###.# * #[#*,*
#...##..#..P...#.# * #.#***
#...g@####.P.....##### #####.###
#)..### ##..#.......# ........#
###** ####.......# #####.#.##
#######.# .....#...# ##### #.#
#####.#.##### ########...###..
#.....#.# #.# #.##............
#.#####.# #.# #.##.#..##.###..
#.# #.###.# #.##.#..##.# #.(


You could see Crazy Yiuf (fast).

Vanquished Creatures
  2 endoplasms (D:1)
  2 giant cockroaches (D:1)
  3 goblins
  4 hobgoblins (D:1)
  2 quokkas (D:1)
  5 ball pythons (D:1)
  2 frilled lizards
  A kobold (D:1)
  2 rats (D:1)
23 creatures vanquished.

Vanquished Creatures (others)
  A fungus (D:1)
  A plant (D:1)
2 creatures vanquished.

Grand Total: 25 creatures vanquished

Notes
Turn   | Place    | Note
-------+----------+-------------------------------------------
     0 | D:1      | GigaChad the Minotaur Fighter began the quest for the Orb.
     0 | D:1      | Reached XP level 1. HP: 19/19 MP: 0/0
   158 | D:1      | Reached XP level 2. HP: 27/27 MP: 1/1
   624 | D:1      | Found a faded altar of an unknown god.
  1156 | D:2      | Found a runed translucent door.
  1157 | D:2      | Noticed Crazy Yiuf
  1164 | D:2      | Mangled by Crazy Yiuf

Illustrated notes

Levels and vault maps discovered:
D:1:      onia_arrival_pyramid, layout_basic,
          shapermc_ecumenical_altar_mp_urbaneastern, minmay_tromino_v4_c
D:2:      minmay_chambers_of_twos, layout_loops_ring, minivault_19,
          uniq_crazy_yiuf_cottage

Skill      XL: |  1  2 |
---------------+-------+-----
Fighting       | 4 |  4.1
Armour         | 4 |  4.0
Shields        | 4 |  4.0
Axes           | |  2.8
Dodging        | |  0.2

Action                   || total
-------------------------++-------
Melee: War axe           ||    51
       Headbutt          ||     7
  Use: Scroll            ||     5
Armor: Scale mail        ||    27
Dodge: Dodged            ||    38
Block: Buckler           ||    21
